 Dungeon Crawl Stone Soup version 0.29-a0-338-g1ff7896281 (webtiles) character file.

Game seed: 9406256405103428280

165 spaghetti the Grave Robber (level 5, -2/42 HPs)
             Began as a Deep Dwarf Necromancer on Apr 17, 2022.
             Was a Priest of Ignis.
             Slain by Edmund
             ... wielding a +0 flail of protection
              (9 damage)
             ... on level 4 of the Dungeon.
             The game lasted 00:06:37 (4154 turns).

spaghetti the Grave Robber (Deep Dwarf Necromancer) Turns: 4154, Time: 00:06:37

Health: -2/42      AC:  2    Str: 11    XL:     5   Next: 21%
Magic:  3/7        EV: 12    Int: 18    God:    Ignis [***...]
Gold:   221        SH:  0    Dex: 13    Spells: 1/7 levels left

rFire   + . .      SeeInvis .   n - +3 whip (elec) {mace}
rCold   . . .      Faith    .   (no shield)
rNeg    . . .      Spirit   .   a - +0 robe
rPois   .          Reflect  .   (no helmet)
rElec   .          Harm     .   j - scarf {+Inv}
rCorr   .          Rampage  .   (no gloves)
Will    .....                   (no boots)
Stlth   ++........              (no amulet)
HPRegen 0.00/turn               (no ring)
MPRegen 0.10/turn               (no ring)

@: no status effects
A: damage resistance, heal wounds, sense surroundings 1, no regeneration
a: Heal Wounds, Renounce Religion, Evoke Invisibility, Fiery Armour, Foxfire
Swarm, Rising Flame


You were on level 4 of the Dungeon.
You worshipped Ignis.
Ignis was most pleased with you.
You visited 1 branch of the dungeon, and saw 4 of its levels.

You collected 221 gold pieces.


Innate Abilities, Weirdness & Mutations

You are resistant to damage.
You can heal yourself by infusing magical energy.
You passively map a small area around you.
You do not regenerate.


   Skills:
 * Level 1.4 Maces & Flails
 * Level 2.9 Armour
 * Level 2.5 Dodging
 - Level 2.4 Stealth
 - Level 1.7 Spellcasting
 + Level 4.9 Necromancy
 * Level 3.5 Invocations


You had one spell level left.
You knew the following spells:

 Your Spells              Type           Power      Damage    Failure   Level
a - Pain                  Necr           76%        1d7       2%          1
b - Vampiric Draining     Necr           19%        2d7       7%          3
c - Corpse Rot            Necr/Air       20%        N/A       10%         2

Your spell library contained the following spells:

 Spells                   Type           Power      Damage    Failure   Level
 Animate Skeleton         Necr           38%        N/A       2%          1
 Magic Dart               Conj           4%         1d3       19%         1
 Animate Dead             Necr           9%         N/A       24%         4
 Poisonous Vapours        Pois/Air       2%         N/A       28%         2
 Searing Ray              Conj           2%         2d4       28%         2
 Dazzling Flash           Conj/Hex       2%         N/A       50%         3
 Portal Projectile        Hex/Tloc       2%         N/A       50%         3
 Agony                    Necr           19%        N/A       54%         5
 Excruciating Wounds      Necr           9%         N/A       54%         5
 Fulminant Prism          Conj/Hex       0%         3d6       88%         4
 Iskenderun's Mystic Bla  Conj/Tloc      1%         2d3       88%         4
 Blade Hands              Tmut           0%         N/A       99%         5
 Starburst                Conj/Fire      0%         6d3       100%        6

Inventory:

Hand Weapons
 e - a +0 whip {mace}
   (You took it off a kobold on level 1 of the Dungeon)
 g - a +0 dagger of flaming {short}
   (You took it off a goblin on level 1 of the Dungeon)
 n - a +3 whip of electrocution (weapon) {mace}
   (You took it off a kobold on level 2 of the Dungeon)
Missiles
 d - 93 stones {throwing}
 o - 2 boomerangs {throwing}
 w - 2 curare-tipped darts {=fthrowing}
Armour
 a - a +0 robe (worn)
 j - a scarf of invisibility (worn)
   (You found it on level 1 of the Dungeon)
 l - the +4 chain mail "Miuvoymi" {Regen+}
   (You found it on level 2 of the Dungeon)

   Regen:     It increases your rate of health regeneration.
Magical Staves
 q - a staff of earth {!astaff}
   (You found it on level 3 of the Dungeon)
Wands
 r - a wand of polymorph (16)
   (You found it on level 3 of the Dungeon)
Scrolls
 c - 5 scrolls of identify {unknown}
 h - a scroll of brand weapon {unknown}
 i - a scroll of blinking {unknown}
 k - a scroll of acquirement {unknown}
 t - 2 scrolls of fog {unknown}
 u - a scroll of teleportation {unknown}
 v - a scroll of fear {unknown}
 x - a scroll of amnesia {unknown}
Potions
 b - 2 potions of brilliance {unknown}
 f - 3 potions of curing {unknown}
 m - a potion of might {unknown}
 p - a potion of heal wounds {unknown}
 s - 2 potions of berserk rage {unknown}
 z - a potion of lignification {unknown}
 A - a potion of mutation {unknown}

Dungeon Overview and Level Annotations

Branches:
Dungeon (4/15)
 Temple: D:4-7

Altars:
Ignis

Annotations:
D:4 Edmund

..# #...# #...........#
..########.#.########.......)...#
...................##..........[#
...#####......####.##...........#
...# #....P.#..#.##......>.....
.#.# #..#####..#.##..........<#
.#.# #..# ,,..#.##...........#
##.# #..# , ##@#..............#
#.# #..#* ##v@#..#############
#.# #..#. #§§v#..# *
#..#..##§§#..# , #..#......#..#
#..#..#......# #..#.,#......#
##.#≈ #...#..# #.# #...#..# #.#,
#...#..#


You could see Edmund (ally target).


Message History

Confirm with . or Enter, or press ? or * to list all spells.
You can't see any susceptible monsters within range! (Use Z to cast anyway.)
Casting: Vampiric Draining (dangerous; 7% risk of failure)
Confirm with . or Enter, or press ? or * to list all spells.
You can't see any susceptible monsters within range! (Use Z to cast anyway.)
Casting: Vampiric Draining (dangerous; 7% risk of failure)
Confirm with . or Enter, or press ? or * to list all spells.
You can't see any susceptible monsters within range! (Use Z to cast anyway.)
Casting: Vampiric Draining (dangerous; 7% risk of failure)
Confirm with . or Enter, or press ? or * to list all spells.
Aiming: Pain (safe; 2% risk of failure)
Press: ? - help, Shift-Dir - straight line, f - Edmund
Aim: Edmund, wielding a +0 flail of protection and wearing a +1 chain mail of fire resistance (asleep, chance to affect: 78%) Edmund writhes in agony. 😕 MP[-1]
You lost 1 mp, and now have 6/7 mp.
Casting: Pain (safe; 2% risk of failure)
Confirm with . or Enter, or press ? or * to list all spells.
Aiming: Pain (safe; 2% risk of failure)
Press: ? - help, Shift-Dir - straight line, f/p - Edmund
Aim: Edmund, wielding a +0 flail of protection and wearing a +1 chain mail of fire resistance (lightly wounded, chance to affect: 78%) Edmund writhes in agony. 😕 MP[-1]
You lost 1 mp, and now have 5/7 mp.
Casting: Pain (safe; 2% risk of failure)
Confirm with . or Enter, or press ? or * to list all spells.
Aiming: Pain (safe; 2% risk of failure)
Press: ? - help, Shift-Dir - straight line, f/p - Edmund
Aim: Edmund, wielding a +0 flail of protection and wearing a +1 chain mail of fire resistance (lightly wounded, chance to affect: 78%) Edmund barely resists.
Edmund hits you with a +0 flail of protection! 😕 HP[-4] MP[-1]
You take 4 damage, and now have 33/42 hp.
You lost 1 mp, and now have 4/7 mp.
Casting: Pain (safe; 2% risk of failure)
Confirm with . or Enter, or press ? or * to list all spells.
Aiming: Pain (safe; 2% risk of failure)
Press: ? - help, Shift-Dir - straight line, f/p - Edmund
Aim: Edmund, wielding a +0 flail of protection and wearing a +1 chain mail of fire resistance (lightly wounded, chance to affect: 78%) Edmund writhes in agony.
Edmund hits you with a +0 flail of protection! 😮 HP[-9] MP[-1]
You take 9 damage, and now have 24/42 hp.
MASSIVE DAMAGE!! (PAUSE)
You lost 1 mp, and now have 3/7 mp.
Casting: Pain (safe; 2% risk of failure)
Confirm with . or Enter, or press ? or * to list all spells.
Aiming: Pain (safe; 2% risk of failure)
Press: ? - help, Shift-Dir - straight line, f/p - Edmund
Aim: Edmund, wielding a +0 flail of protection and wearing a +1 chain mail of fire resistance (lightly wounded, chance to affect: 78%) Edmund writhes in agony.
Edmund hits you with a +0 flail of protection.
* * * LOW HITPOINT WARNING * * *
😨 HP[-4] MP[-1]
You take 4 damage, and now have 20/42 hp.
You lost 1 mp, and now have 2/7 mp.
Casting: Pain (safe; 2% risk of failure)
Confirm with . or Enter, or press ? or * to list all spells.
You don't have enough magic to cast this spell.
Activating: Foxfire Swarm
Press: ? - help, Dir - look around, f - activate Flames leap up around you!
Edmund closely misses you.
You hit Edmund.
The foxfire hits Edmund.
Edmund resists.
The foxfire hits Edmund but does no damage. x5
Edmund barely misses you.
The foxfire hits Edmund but does no damage.
You barely miss Edmund.
The foxfire hits Edmund but does no damage.
Edmund hits you with a +0 flail of protection.
* * * LOW HITPOINT WARNING * * *
😨 HP[-2]
You take 2 damage, and now have 18/42 hp.
Activating: Foxfire Swarm
Press: ? - help, Dir - look around, f - activate Flames leap up around you!
Edmund misses you.
You barely miss Edmund.
The foxfire hits Edmund but does no damage.
The foxfire hits Edmund.
Edmund completely resists.
The foxfire hits Edmund but does no damage. x2
The foxfire hits Edmund.
Edmund completely resists.
The foxfire hits Edmund but does no damage.
Edmund hits you with a +0 flail of protection!
* * * LOW HITPOINT WARNING * * *
The foxfire hits Edmund.
Edmund resists. 😨 HP[-6] MP[+1]
You take 6 damage, and now have 12/42 hp.
You hit Edmund but do no damage.
The foxfire hits Edmund but does no damage.
Edmund closely misses you.
Activating: Foxfire Swarm
Press: ? - help, Dir - look around, f - activate Flames leap up around you!
Edmund hits you with a +0 flail of protection!
* * * LOW HITPOINT WARNING * * *
😱 HP[-5]
You take 5 damage, and now have 7/42 hp.
You closely miss Edmund.
The foxfire hits Edmund.
Edmund resists.
The foxfire hits Edmund but does no damage. x5
Edmund hits you with a +0 flail of protection!
You die...

Skill      XL: |  1  2  3  4 |
---------------+-------------+-----
Invocations    | 1 2 3 |  3.5
Armour         | 1 2 |  2.9
Maces & Flails | 1 |  1.4
Dodging        | |  2.5
Stealth        | |  2.4
Spellcasting   | |  1.7
Necromancy     | |  4.9

Action                   |  1- 3 |  4- 6 || total
-------------------------+-------+-------++-------
Melee: Unarmed           |    19 |     7 ||    26
       Dagger            |    29 |       ||    29
       Whip              |     2 |    33 ||    35
 Cast: Pain              |    71 |    33 ||   104
       Vampiric Draining |     9 |     4 ||    13
Invok: Foxfire Swarm     |       |     3 ||     3
 Abil: Heal Wounds       |     1 |       ||     1
  Use: Potion            |     1 |       ||     1
Armor: Robe              |    14 |     9 ||    23
       Skin              |       |     3 ||     3
Dodge: Dodged            |    69 |    23 ||    92

Levels and vault maps discovered:
D:1:      dpeg_arrival_arbitrary_b, layout_rooms,
          shapermc_ecumenical_altar_starsandcircs
D:2:      layout_basic
D:3:      layout_loops_corners, uniq_ijyb
D:4:      layout_basic, kennysheep_big_empty_room, sigmund_edmund_badplayer

Notes
Turn   | Place    | Note
-------+----------+-------------------------------------------
     0 | D:1      | spaghetti the Deep Dwarf Necromancer began the quest for
                  | the Orb.
     0 | D:1      | Reached XP level 1. HP: 15/15 MP: 3/3
     0 | D:1      | magus.rc [v1.9.6]
   123 | D:1      | Reached skill level 1 in Invocations
   208 | D:1      | Reached XP level 2. HP: 14/22 MP: 0/4
   209 | D:1      | Reached skill level 1 in Armour
   583 | D:1      | Reached skill level 2 in Invocations
   837 | D:1      | Found a faded altar of an unknown god.
   849 | D:1      | Prayed at the altar of an unknown god.
   849 | D:1      | Became a worshipper of Ignis, the Dying Flame
  1088 | D:2      | Reached XP level 3. HP: 13/28 MP: 3/5
  1400 | D:2      | Identified the +4 chain mail "Miuvoymi" {Regen+}
  1541 | D:2      | Reached skill level 2 in Armour
  1594 | D:2      | Learned a level 3 spell: Vampiric Draining
  2502 | D:3      | Reached skill level 3 in Invocations
  2502 | D:3      | Reached XP level 4. HP: 36/36 MP: 2/6
  2580 | D:3      | You pick up a book of Vapours and begin reading...
  2580 | D:3      | You add the spells Poisonous Vapours and Corpse Rot to your
                  | library.
  2584 | D:3      | Learned a level 2 spell: Corpse Rot
  2597 | D:3      | You pick up a book of Weapons and begin reading...
  2597 | D:3      | You add the spells Portal Projectile, Excruciating Wounds
                  | and Blade Hands to your library.
  2925 | D:3      | You pick up a book of Spectacle and begin reading...
  2925 | D:3      | You add the spells Dazzling Flash, Iskenderun's Mystic
                  | Blast and Starburst to your library.
  3163 | D:3      | Noticed Ijyb
  3176 | D:3      | Killed Ijyb
  3177 | D:3      | Reached skill level 1 in Maces & Flails
  3752 | D:4      | You pick up a book of Conjurations {@e2} and begin
                  | reading...
  3752 | D:4      | You add the spells Magic Dart, Searing Ray and Fulminant
                  | Prism to your library.
  3971 | D:4      | Reached XP level 5. HP: 37/42 MP: 0/7
  4137 | D:4      | Noticed Edmund
  4153 | D:4      | HP: 7/42 [Edmund/+0 flail of protection (5)]
  4154 | D:4      | Slain by Edmund

Vanquished Creatures
  A hound (D:4)
  Ijyb (D:3)
  3 adders
  A worm (D:3)
  3 dart slugs (D:3)
  3 orcs
  5 ball pythons
  4 endoplasms
  5 giant cockroaches
  4 goblins
  4 hobgoblins
  4 jackals (D:1)
  3 quokkas
  5 bats
  4 frilled lizards
  11 kobolds
  9 rats
70 creatures vanquished.

Vanquished Creatures (others)
  22 foxfires (D:4)
22 creatures vanquished.

Grand Total: 92 creatures vanquished

Table legend:
 A = Non-vault XP
 B = Vault XP
 C = Vault XP percentage of total XP
 D = Non-vault monster count
 E = Vault monster count
 F = Vault count percentage of total count
                 A         B        C        D         E       F
            +---------+---------+-------+---------+---------+-------
      Total |     200 |      36 |  15.3 |      69 |       1 |   1.4
            +---------+---------+-------+---------+---------+-------
        D:1 |      39 |       0 |   0.0 |      24 |       0 |   0.0
        D:2 |      40 |       0 |   0.0 |      18 |       0 |   0.0
        D:3 |      38 |      36 |  48.6 |      17 |       1 |   5.6
        D:4 |      83 |       0 |   0.0 |      10 |       0 |   0.0
            +---------+---------+-------+---------+---------+-------

Illustrated notes

Table legend:
 A = Kills in this place as a percentage of kills in entire the game.
 B = Kills by you in this place as a percentage of kills by you in the entire game.
 C = Kills by friends in this place as a percentage of kills by friends in the entire game.
 D = Other kills in this place as a percentage of other kills in the entire game.
 E = Experience gained in this place as a percentage of experience gained in the entire game.
 F = Experience gained in this place divided by the number of levels of this place that you have seen.
                   A       B       C       D       E      F
               +-------+-------+-------+-------+-------+----------------------
         Total | 100.0 | 100.0 |   N/A |   N/A | 100.0 |  59.0
       Dungeon | 100.0 | 100.0 |   N/A |   N/A | 100.0 |  59.0
               +-------+-------+-------+-------+-------+----------------------

Table legend: (Time is in decaauts)
 A = Elapsed time spent in this place.
 B = Non-inter-level travel time spent in this place.
 C = Inter-level travel time spent in this place.
 D = Time resting spent in this place.
 E = Time spent auto-exploring this place.
 F = Levels seen in this place.
 G = Mean time per level.
                   A        B        C        D        E       F      G
               +--------+--------+--------+--------+--------+-----+--------+
         Total |   4153 |   4064 |     89 |    170 |   3327 |   4 | 1038.2 |
       Dungeon |   4153 |   4064 |     89 |    170 |   3327 |   4 | 1038.2 |
               +--------+--------+--------+--------+--------+-----+--------+

Top non-repeatable levels by time:
     D:3: 1347 daAuts
     D:2: 1070 daAuts
     D:1: 1056 daAuts
     D:4: 679 daAuts
